 Dungeon Crawl Stone Soup version 0.25.1-3-ge44b62a0b3 (webtiles) character file.

Game seed: 4173184848804453250

2648 KamiKatze the Zephyrmancer (level 9, -3/50 HPs)
             Began as a Tengu Air Elementalist on Nov 22, 2020.
             Was a Priest of Vehumet.
             Slain by Harold
             ... wielding a +0 trident
              (15 damage)
             ... on level 7 of the Dungeon.
             The game lasted 00:58:12 (9365 turns).

KamiKatze the Zephyrmancer (Tengu Air Elementalist) Turns: 9365, Time: 00:58:13

Health: -3/50      AC:  2    Str:  9    XL:     9   Next: 62%
Magic:  3/18       EV: 15    Int: 18    God:    Vehumet [***...]
Gold:   410        SH:  0    Dex: 15    Spells: 4/19 levels left

rFire    . . .     SeeInvis .   e - +1 dagger (holy)
rCold    . . .     Gourm    .   (no shield)
rNeg     . . .     Faith    .   a - +0 robe
rPois    .         Spirit   .   (helmet restricted)
rElec    .         Reflect  .   B - scarf {repulsion}
rCorr    +         Harm     .   (no gloves)
MR       +....                  (boots unavailable)
Stlth    ++........             (no amulet)
HPRegen  0.16/turn              o - ring of resist corrosion
MPRegen  0.16/turn              b - ring of protection from magic

@: flying quickly and evasively, repel missiles, quick
A: beak, talons 3, able to fly
a: Stop Flying, Renounce Religion


You were on level 7 of the Dungeon.
You worshipped Vehumet.
Vehumet was most pleased with you.
You were very hungry.

You visited 2 branches of the dungeon, and saw 8 of its levels.
You also visited: Ossuary.

You collected 410 gold pieces.

Inventory:

Hand Weapons
 d - a +0 spear
 e - a +1 dagger of holy wrath (weapon)
Missiles
 n - 251 stones
 r - 2 silver boomerangs
 u - 7 boomerangs
 v - 26 poisoned darts (quivered)
Armour
 a - a +0 robe (worn)
 j - a scarf of resistance
 k - a +0 tower shield
 B - a scarf of repulsion (worn)
Jewellery
 b - a ring of protection from magic (right hand)
 f - a +6 ring of dexterity
 o - a ring of resist corrosion (left hand)
 C - an uncursed ring of ice
Wands
 p - a wand of disintegration (17)
 w - a wand of paralysis (6)
 z - a wand of digging (4)
 J - a wand of iceblast (4)
Scrolls
 g - 3 scrolls of teleportation
 i - 2 scrolls of enchant weapon {unknown}
 l - 3 scrolls of fear
 y - 2 scrolls of remove curse
 A - 2 scrolls of silence {unknown}
 D - a scroll of magic mapping {unknown}
 G - a scroll of summoning {unknown}
 H - a scroll of immolation
 I - a scroll of identify
 L - a scroll of noise {unknown}
 M - a scroll of amnesia
Potions
 h - 4 potions of stabbing
 m - 4 potions of heal wounds
 q - 3 potions of curing
 s - 2 potions of mutation
 t - a potion of resistance
 x - a potion of ambrosia
 E - a potion of magic
 F - a potion of cancellation
Comestibles
 c - 9 rations


   Skills:
 - Level 3.0 Fighting
 - Level 2.1 Dodging
 - Level 2.0 Stealth
 + Level 5.9 Spellcasting
 * Level 9.9 Conjurations
 * Level 10.5 Air Magic


You had 4 spell levels left.
You knew the following spells:

 Your Spells              Type           Power        Failure   Level  Hunger
a - Shock                 Conj/Air       ####         1%          1    None
b - Static Discharge      Conj/Air       #####...     1%          3    ##.....
c - Airstrike             Air            #####.....   1%          4    ####...
d - Lightning Bolt        Conj/Air       #####.....   1%          5    #####..
e - Searing Ray           Conj           #####.       1%          2    None

Your spell library contained the following spells:

 Spells                   Type           Power        Failure   Level  Hunger
 Mephitic Cloud           Conj/Pois/Air  ####....     1%          3    ##.....
 Swiftness                Chrm/Air       ###.....     1%          2    None
 Stone Arrow              Conj/Erth      ###...       1%          3    ##.....
 Sandblast                Erth           #.....       3%          1    None
 Passwall                 Tmut/Erth      #.......     19%         2    None
 Petrify                  Tmut/Erth      #.......     77%         4    ####...
 Lee's Rapid Deconstruct  Erth           #.........   61%         5    #####..


Dungeon Overview and Level Annotations

Branches:
Dungeon (7/15)             Temple (1/1) D:4         Ossuary (visited)

Altars:
Ashenzari
Cheibriados
Dithmenos
Elyvilon
Fedhas
Gozag
Kikubaaqudgha
Makhleb
Nemelex Xobeh
Okawaru
Qazlal
Ru
Sif Muna
Trog
Uskayaw
Vehumet
Wu Jian
Xom
Yredelemnul
Zin
The Shining One

Shops:
D:5 %%!

Annotations:
D:7 Harold


Innate Abilities, Weirdness & Mutations

You have a beak for a mouth.
You have claws for feet.
You can fly continuously.


Message History

Casting: Static Discharge (safe; 1% risk of failure)
Confirm with . or Enter, or press ? or * to list all spells.
Aiming: Airstrike (safe; 1% risk of failure)
Press: ? - help, Dir - move target cursor, f/p - Harold
Aim: Harold, wielding a +0 trident and wearing a +0 chain mail (moderately wounded)
The air twists around and strikes Harold!
Harold is moderately wounded.
You are feeling very hungry.
Harold hits you from afar with a +0 trident!
* * * LOW HITPOINT WARNING * * *
Unknown command.
Casting: Airstrike (safe; 1% risk of failure)
Confirm with . or Enter, or press ? or * to list all spells.
Aiming: Airstrike (safe; 1% risk of failure)
Press: ? - help, Dir - move target cursor, f/p - Harold
Aim: Harold, wielding a +0 trident and wearing a +0 chain mail (moderately wounded)
The air twists around and strikes Harold!
Harold is heavily wounded.
Harold hits you from afar with a +0 trident!
You die...

######### #.......# #.......#
#.....<.# #.......###########
#.......[.........#
#.......#########.#
###########.....@.#### #.# #
#...##...##..........# #.###..
..........##....@....## #......
...........#..........#########..
...........#........#...#........
.......................)@(.@.....
..........##..[.....#............
#...##...###............#....##..
#######.####.........##......##..


You could see Harold.

Vanquished Creatures
  A black bear (D:4)
  An orc warrior (D:6)
  2 phantoms (D:6)
  2 ogres
  A sky beast (D:6)
  2 centaurs (D:5)
  5 bullfrogs
  7 scorpions (Ossuary)
  A howler monkey (D:4)
  5 crimson imps
  2 human zombies (Ossuary)
  3 centaur zombies (Ossuary)
  2 hounds
  A centaur skeleton (D:7)
  2 orc priests (D:6)
  5 orc wizards
  6 worker ants
  2 killer bee zombies (D:5)
  3 big kobold zombies (Ossuary)
  3 hound skeletons
  A hound zombie (D:5)
  3 mummies (Ossuary)
  A howler monkey skeleton (D:5)
  10 adders
  A scorpion zombie (Ossuary)
  A shadow imp (D:6)
  2 worms
  3 dart slugs (D:1)
  2 leopard geckos
  24 orcs
  8 bats
  8 giant cockroaches
  A gnoll zombie (Ossuary)
  11 goblins
  3 hobgoblins
  9 jackals
  9 kobolds
  7 quokkas
  A ball python (D:3)
  11 frilled lizards
  A giant cockroach zombie (D:5)
  5 goblin zombies (Ossuary)
  A jackal skeleton (D:4)
  2 kobold zombies (Ossuary)
  A leopard gecko skeleton (D:4)
  2 orc zombies (Ossuary)
  13 rats
197 creatures vanquished.

Vanquished Creatures (others)
  A scorpion (Ossuary)
  A hobgoblin zombie (Ossuary)
2 creatures vanquished.

Grand Total: 199 creatures vanquished

Notes
Turn   | Place    | Note
-------+----------+-------------------------------------------
     0 | D:1      | KamiKatze the Tengu Air Elementalist began the quest for
                  | the Orb.
     0 | D:1      | Reached XP level 1. HP: 10/10 MP: 4/4
   185 | D:1      | Reached XP level 2. HP: 16/16 MP: 6/6
   420 | D:1      | Reached XP level 3. HP: 20/20 MP: 3/7
   903 | D:2      | Learned a level 3 spell: Static Discharge
  1133 | D:2      | Reached skill level 1 in Fighting
  1168 | D:2      | Reached XP level 4. HP: 25/25 MP: 2/8
  1178 | D:2      | Learned a level 4 spell: Airstrike
  1576 | D:2      | Found an opulent altar of Gozag.
  1786 | D:2      | Found a hide-covered altar of Uskayaw.
  1849 | D:3      | Reached skill level 5 in Air Magic
  2078 | D:3      | Found a bloodstained altar of Trog.
  2092 | D:3      | Gained mutation: You can fly continuously. [Tengu growth]
  2092 | D:3      | Reached XP level 5. HP: 27/29 MP: 1/10
  2935 | D:4      | Found a staircase to the Ecumenical Temple.
  2953 | Temple   | Entered the Ecumenical Temple
  3064 | Temple   | Became a worshipper of Vehumet
  3183 | D:4      | Reached XP level 6. HP: 35/35 MP: 7/11
  3496 | D:4      | Noticed a black bear
  3563 | D:4      | Reached skill level 6 in Air Magic
  3920 | D:4      | Killed a black bear
  3920 | D:4      | Reached skill level 5 in Conjurations
  3920 | D:4      | Reached XP level 7. HP: 18/40 MP: 7/13
  4378 | D:5      | Entered Level 5 of the Dungeon
  4395 | D:5      | Found a shadowy altar of Dithmenos.
  4527 | D:5      | Reached * piety under Vehumet
  4527 | D:5      | Offered knowledge of Freeze by Vehumet.
  4605 | D:5      | Found Amafrit's Distillery.
  4677 | D:5      | Found Zuom Gux's Food Shop.
  4708 | D:5      | Reached skill level 7 in Air Magic
  4767 | D:5      | Learned a level 5 spell: Lightning Bolt
  5263 | D:5      | Reached XP level 8. HP: 46/46 MP: 10/15
  5563 | D:5      | Found Imyosche's Food Shoppe.
  5818 | D:5      | Reached skill level 8 in Air Magic
  6014 | D:6      | Reached skill level 5 in Spellcasting
  6228 | D:6      | Offered knowledge of Searing Ray by Vehumet.
  6236 | D:6      | Learned a level 2 spell: Searing Ray
  6241 | D:6      | Found a sand-covered staircase.
  6247 | Ossuary  | Entered an ossuary
  6277 | Ossuary  | Reached skill level 9 in Air Magic
  6397 | Ossuary  | Reached ** piety under Vehumet
  6682 | Ossuary  | Reached XP level 9. HP: 50/50 MP: 4/18
  7662 | D:6      | Reached skill level 10 in Air Magic
  7763 | D:6      | Offered knowledge of Mephitic Cloud by Vehumet.
  8258 | D:7      | Reached *** piety under Vehumet
  8552 | D:7      | Noticed Harold
  9365 | D:7      | Slain by Harold

Illustrated notes

Levels and vault maps discovered:
D:1:      ncdulo_smallfort, layout_loops_ring, minmay_3d_cube
D:2:      layout_loops_corners, lemuel_coloured_pillars_altar,
          old_standard_altar, first_ration
D:3:      layout_loops_ring, nicolae_overflow_crystal_walls
D:4:      layout_cave_pods, minmay_temple_entry_drinking_statues,
          hangedman_abyss_or_decor_stagger
D:5:      layout_basic, serial_shops, nicolae_shop_waterfront,
          kennysheep_mini_moat, nicolae_shop_behind_doors, grunt_dithmenos_smoke
D:6:      layout_loops_ring, nicolae_ossuary_entry_monument,
          corexii_leaking_fountain
D:7:      layout_rooms, uniq_harold
Temple:   dpeg_five_rooms_temple

Skill      XL: |  1  2  3  4  5  6  7  8  9 |
---------------+----------------------------+-----
Conjurations   | 2 3 4 5 6 8 9 |  9.9
Fighting       | 1 2 3 |  3.0
Air Magic      | 5 6 7 9 10 | 10.5
Spellcasting   | 3 4 5 |  5.9
Dodging        | |  2.1
Stealth        | |  2.0

Action                   |  1- 3 |  4- 6 |  7- 9 || total
-------------------------+-------+-------+-------++-------
Melee: Dagger            |    22 |    24 |    55 ||   101
       Kick              |     2 |     5 |    15 ||    22
       Peck              |     1 |     3 |    10 ||    14
 Cast: Shock             |    58 |   134 |   105 ||   297
       Static Discharge  |       |     1 |    23 ||    24
       Airstrike         |       |       |    56 ||    56
       Searing Ray       |       |       |    24 ||    24
       Lightning Bolt    |       |       |     2 ||     2
 Abil: Fly               |       |     1 |       ||     1
  Use: Scroll            |       |     5 |    12 ||    17
 Stab: Sleeping          |     1 |       |     3 ||     4
  Eat: Chunk             |     1 |     9 |    19 ||    29
       Ration            |       |       |     2 ||     2
Armor: Robe              |     2 |    10 |    15 ||    27
Dodge: Dodged            |    17 |    62 |    82 ||   161
       Repelled          |       |       |     9 ||     9
